 Dungeon Crawl Stone Soup version 0.28-a0-932-g843f935a50 (webtiles) character file.

Game seed: 756296941461749035

8361 AvatarAndi78 the Basher (level 11, 0/71 (80) HPs)
             Began as a Palentonga Berserker on Nov 27, 2021.
             Was a Priest of Trog.
             Succumbed to barbed spike wounds
             ... on level 9 of the Dungeon.
             The game lasted 00:26:58 (11533 turns).

AvatarAndi78 the Basher (Palentonga Berserker)     Turns: 11533, Time: 00:26:59

HP:   0/71 (80)     AC: 12    Str: 23      XL:     11   Next: 8%
MP:   0/11          EV:  4    Int:  2 (10) God:    Trog [***...]
Gold: 671           SH: 14    Dex: 16      Spells: 10/10 levels left

rFire   . . .      SeeInvis +   c - +7 flail (vorpal)
rCold   + . .      Faith    .   q - +0 kite shield
rNeg    . . .      Spirit   .   r - +0 plate armour
rPois   .          Reflect  .   o - +0 helmet
rElec   .          Harm     .   (no cloak)
rCorr   .          Rampage  .   d - +0 pair of gloves
Will    .....                   (no barding)
Stlth   ..........              (no amulet)
HPRegen 0.21/turn               b - ring of protection from cold
MPRegen 0.12/turn               t - +6 ring of dexterity

@: spiked, corroded, hasted, studying Throwing, heavily drained, curled up, very
quick
A: large, rugged brown scales 3, see invisible, deformed body, roll 1, armoured
tail, reflexive curl, large bone plates 1, clever 1, frail 1
a: Rolling Charge, Renounce Religion, Berserk, Trog's Hand


You were on level 9 of the Dungeon.
You worshipped Trog.
Trog was most pleased with you.
You visited 1 branch of the dungeon, and saw 10 of its levels.
You also visited: Ossuary.

You collected 671 gold pieces.

Inventory:

Hand Weapons
 c - a +7 vorpal flail (weapon)
 u - a +0 hand axe of electrocution
Missiles
 f - 33 poisoned darts (quivered)
Armour
 d - a +0 pair of gloves (worn)
 n - a +2 buckler
 o - a +0 helmet (worn)
 q - a +0 kite shield (worn)
 r - a +0 plate armour (worn)
Jewellery
 a - a ring of protection from cold
 b - a ring of protection from cold (left hand)
 l - a ring of fire
 p - a ring of magical power
 t - a +6 ring of dexterity (right hand)
Wands
 e - a wand of paralysis (12)
 y - a wand of polymorph (9)
Scrolls
 g - 4 scrolls of teleportation
 h - 2 scrolls of enchant armour
 k - 2 scrolls of magic mapping
 m - a scroll of identify
Potions
 j - 5 potions of curing
 s - a potion of haste
 w - a potion of resistance


   Skills:
 + Level 6.9 Fighting
 + Level 7.8(9.8) Axes
 + Level 9.2(10.4) Maces & Flails
 + Level 1.8 Throwing
 + Level 6.3 Armour
 + Level 2.5 Dodging
 + Level 1.9 Stealth
 + Level 5.9 Shields


You had 10 spell levels left.
You didn't know any spells.
Your spell library was empty.

Dungeon Overview and Level Annotations

Branches:
Dungeon (10/15)            Temple (0/1) D:7            Lair (0/6) D:9
Ossuary (visited)
    Orc: D:9-12

Altars:
Ashenzari
Cheibriados
Dithmenos
Elyvilon
Gozag
Makhleb
Nemelex Xobeh
Qazlal
Ru
Trog
Xom

Shops:
D:3 =


Innate Abilities, Weirdness & Mutations

You are completely covered in rugged brown scales. (AC +3, +7% HP)
You have supernaturally acute eyesight. (SInv)
Armour fits poorly on your strangely shaped body.
You can roll at nearby foes to attack.
You have a long armoured tail.
You curl defensively after being hit. (AC +7*)
You are partially covered in large bone plates. (SH +4)
Your mind is acute. (Int +2)
You are frail. (-10% HP)


Message History

You block the red devil's attack. You block the acid dragon's attack.
The acid dragon claws you.
The kobold demonologist hits you with a +0 dagger.
You hit the orange crystal statue.
The orange crystal statue is lightly damaged.
You block the red devil's attack.
You hit the orange crystal statue but do no damage.
You tail-slap the orange crystal statue, but do no damage.
The orange crystal statue is lightly damaged.
You block the acid dragon's attack. The acid dragon completely misses you.
The kobold demonologist hits you with a +0 dagger.
You hit the orange crystal statue but do no damage.
The orange crystal statue is lightly damaged.
The red devil hits you from afar with a +0 trident.
* * * LOW HITPOINT WARNING * * *
Barbed spikes become lodged in your body.
The orange crystal statue fixes its piercing gaze on you.
You feel your power leaking away. You block the acid dragon's attack.
The acid dragon claws you but does no damage.
The steam dragon breathes steam at you. The ball of steam hits you!
* * * LOW HITPOINT WARNING * * *
You block the kobold demonologist's attack.
You hit the orange crystal statue.
You tail-slap the orange crystal statue, but do no damage.
The orange crystal statue is moderately damaged.
You are engulfed in a cloud of scalding steam.
* * * LOW HITPOINT WARNING * * *
The red devil hits you but does no damage.
The orange crystal statue fixes its piercing gaze on you.
You feel your power leaking away. The acid dragon bites you.
* * * LOW HITPOINT WARNING * * *
You block the acid dragon's attack. You block the steam dragon's attack.
The steam dragon claws you but does no damage.
Unknown command.
The barbs in your skin will harm you if you move.
Continue?
The barbed spikes dig painfully into your body as you move.
You die...

######## ####
#######......# #...
#.....§.§....#########...
#.......§§......[.........
#.......§§.....########...
#......§§....#.# #...
#......§.@...#.###### ####
#.....48§...........# #
#......KDD.....####.# #
#.......Z......# #.# ##
#..............# #.# ##.
#!.........(...# #.####.#
#..............# #......>
#.####..###(#..# ########
# ...# #.#..... ##


You could see an orange crystal statue, a kobold demonologist (summoned), a red
devil (summoned), a steam dragon (summoned, catching breath), an acid dragon
(summoned) and a wyvern zombie (summoned).

Vanquished Creatures
  Harold (D:10)
  A two-headed ogre (D:9)
  Pikel (D:4)
  A rime drake (shapeshifter) (D:9)
  A troll (D:10)
  Prince Ribbit (D:9)
  Sigmund (D:4)
  2 wyverns
  7 yaks
  2 basilisks (D:9)
  Edmund (D:5)
  Menkaure (D:4)
  An acid dragon (D:10)
  2 water moccasins
  A hornet zombie (D:6)
  Duvessa (D:5)
  A sky beast (D:7)
  2 orc warriors
  2 necrophages
  3 ogres
  A centaur (D:8)
  5 kobold brigands
  A phantom (D:5)
  4 bullfrogs
  A gnoll sergeant (D:7)
  A scorpion (D:5)
  A water moccasin zombie (D:6)
  Dowan (D:5)
  11 wights
  2 howler monkeys
  2 centaur zombies (D:9)
  A bullfrog zombie (D:5)
  2 hounds
  3 jellies (D:5)
  8 orc priests
  2 bullfrog skeletons (D:6)
  2 centaur skeletons
  2 iguanas (D:5)
  2 gnoll shamans (D:7)
  8 orc wizards
  8 mummies (Ossuary)
  A howler monkey zombie (D:9)
  7 adders
  15 gnolls (D:7)
  2 white imps
  An ufetubus (D:5)
  4 worms
  3 dart slugs
  25 orcs
  4 bats
  5 endoplasms
  2 giant cockroaches
  3 goblins
  10 hobgoblins
  3 jackals (D:4)
  4 quokkas
  4 ball pythons
  3 frilled lizards
  2 gnoll zombies (Ossuary)
  A goblin zombie (D:10)
  2 hobgoblin zombies (Ossuary)
  26 kobolds
  A kobold zombie (Ossuary)
  4 orc zombies
  10 rats
243 creatures vanquished.

Notes
Turn   | Place    | Note
-------+----------+-------------------------------------------
     0 | D:1      | AvatarAndi78 the Palentonga Berserker began the quest for
                  | the Orb.
     0 | D:1      | Reached XP level 1. HP: 19/19 MP: 1/1
   213 | D:1      | Reached XP level 2. HP: 15/25 MP: 2/2
  1390 | D:2      | Reached XP level 3. HP: 19/31 MP: 3/3
  2271 | D:2      | Reached XP level 4. HP: 38/38 MP: 4/4
  2606 | D:3      | Found Jour's Jewellery Boutique.
  2667 | D:3      | Reached ** piety under Trog
  2933 | D:3      | Found a faded altar of an unknown god.
  3031 | D:3      | Reached XP level 5. HP: 44/44 MP: 5/5
  3295 | D:3      | Found a sparkling altar of Nemelex Xobeh.
  3382 | D:4      | Noticed a necrophage
  3390 | D:4      | Killed a necrophage
  3716 | D:4      | Reached XP level 6. HP: 51/51 MP: 6/6
  3778 | D:4      | Noticed Menkaure
  3789 | D:4      | Killed Menkaure
  3790 | D:4      | Reached skill level 5 in Axes
  3790 | D:4      | Reached skill level 1 in Shields
  4030 | D:4      | Found a shadowy altar of Dithmenos.
  4072 | D:4      | Found a snail-covered altar of Cheibriados.
  4116 | D:4      | Noticed Sigmund
  4119 | D:4      | Killed Sigmund
  4120 | D:4      | Gained mutation: You curl defensively after being hit. (AC
                  | +7*) [Palentonga growth]
  4120 | D:4      | Reached XP level 7. HP: 57/57 MP: 7/7
  4354 | D:4      | Gained mutation: Your mind is acute. (Int +2) [potion of
                  | mutation]
  4354 | D:4      | Gained mutation: You are partially covered in large bone
                  | plates. (SH +4) [potion of mutation]
  4354 | D:4      | Gained mutation: You are frail. (-10% HP) [potion of
                  | mutation]
  4544 | D:4      | Noticed Pikel
  4563 | D:4      | Killed Pikel
  4564 | D:4      | Reached XP level 8. HP: 58/59 MP: 8/8
  4839 | D:5      | Entered Level 5 of the Dungeon
  4846 | D:5      | Noticed Edmund
  4858 | D:5      | Killed Edmund
  4859 | D:5      | Reached skill level 1 in Stealth
  4894 | D:5      | Found a broken altar of Ashenzari.
  5315 | D:5      | Reached skill level 1 in Maces & Flails
  5466 | D:5      | Found a shimmering altar of Xom.
  5466 | D:5      | Found a shimmering altar of Xom.
  5479 | D:5      | Found a shimmering altar of Xom.
  5534 | D:5      | Noticed Dowan
  5536 | D:5      | Noticed Duvessa
  5541 | D:5      | Killed Dowan
  5542 | D:5      | Reached skill level 5 in Fighting
  5544 | D:5      | Killed Duvessa
  5545 | D:5      | Reached skill level 2 in Maces & Flails
  5848 | D:6      | Reached skill level 3 in Maces & Flails
  5853 | D:6      | Reached XP level 9. HP: 51/65 MP: 9/9
  6086 | D:6      | Found a stormy altar of Qazlal.
  6275 | D:6      | Found a burning altar of Makhleb.
  6635 | D:6      | Reached skill level 4 in Maces & Flails
  6745 | D:6      | Found a sacrificial altar of Ru.
  7053 | D:7      | Found a sand-covered staircase.
  7058 | Ossuary  | Entered an ossuary
  7095 | Ossuary  | Reached skill level 5 in Armour
  7541 | D:7      | Reached skill level 5 in Maces & Flails
  7605 | D:7      | Found a staircase to the Ecumenical Temple.
  7912 | D:7      | Found a bloodstained altar of Trog.
  7975 | D:7      | Found an opulent altar of Gozag.
  8181 | D:7      | Reached skill level 6 in Maces & Flails
  8361 | D:8      | Reached *** piety under Trog
  8641 | D:9      | Found a staircase to the Lair.
  8654 | D:9      | Reached XP level 10. HP: 73/73 MP: 10/10
  8770 | D:9      | Noticed a two-headed ogre
  8779 | D:9      | Killed a two-headed ogre
  8780 | D:9      | Reached skill level 7 in Maces & Flails
  8780 | D:9      | Reached skill level 5 in Shields
  9576 | D:9      | Reached skill level 8 in Maces & Flails
  9707 | D:9      | Reached skill level 1 in Throwing
 10119 | D:9      | Found a white marble altar of Elyvilon.
 10178 | D:9      | Noticed an orange crystal statue
 10508 | D:10     | Entered Level 10 of the Dungeon
 10577 | D:10     | Reached skill level 9 in Maces & Flails
 10595 | D:10     | Noticed Harold
 10616 | D:10     | Noticed a skeletal warrior
 10623 | D:10     | Noticed a skeletal warrior
 10624 | D:10     | Killed Harold
 10625 | D:10     | Reached XP level 11. HP: 35/80 MP: 11/11
 10626 | D:10     | Noticed a skeletal warrior
 10979 | D:9      | Noticed Prince Ribbit
 10986 | D:9      | Killed Prince Ribbit
 11116 | D:9      | Noticed a two-headed ogre
 11168 | D:9      | HP: 1/109 [wight[an orange crystal statue] (5)]
 11533 | D:9      | Succumbed to barbed spike wounds

Illustrated notes

Levels and vault maps discovered:
D:1:      scummos_arrival_forest, layout_loops_corners, hex_tiny,
          serial_park_tiny_1, serial_bayou_pond_d
D:2:      layout_basic
D:3:      minmay_angry_zag, layout_basic, lemuel_tele_altar,
          shapermc_ecumenical_altar_pompeii, serial_shops,
          nicolae_shop_behind_doors, kennysheep_generic_room_5
D:4:      layout_basic, mainiacjoe_overflow_concentric_impassable,
          grunt_dithmenos_smoke, minmay_statues_item, kennysheep_small_square,
          uniq_menkaure, uniq_sigmund, uniq_pikel
D:5:      layout_basic, mainiacjoe_overflow_tiny_flanked, xom_redecorated,
          uniq_duvessa, uniq_edmund
D:6:      nicolae_cairo_tiling_large, layout_loops_ring,
          nicolae_ru_path_of_blood, nicolae_qazlal_general_emergency,
          amcnicky_altar_gilded, serial_park_tiny_1, water_maze_lemuel
D:7:      layout_basic, kennysheep_mini, mainiacjoe_overflow_small_starburst,
          minmay_temple_entry_waves, nicolae_ossuary_entry_false_entrances,
          serial_co_window_serial, co_window_paths_a, co_window_paths_b,
          co_window_of_opportunity_a, co_window_paths_a, co_window_paths_a,
          co_window_corner_b, co_window_cross_2, co_window_paths_c,
          glass_columns_b
D:8:      wander_river, layout_basic
D:9:      layout_loops_ring, marbit_many_paths, david_lair_generic,
          minivault_16, uniq_prince_ribbit1
D:10:     layout_irregular_city, zombieorc2_lemuel, uniq_harold

Skill      XL: |  1  2  3  4  5  6  7  8  9 10 |
---------------+-------------------------------+-----
Armour         | 2 3 4 5 6 |  6.3
Axes           | 4 5 7 |  7.8
Dodging        | 2 |  2.5
Fighting       | 4 5 6 |  6.9
Shields        | 1 2 4 5 |  5.9
Stealth        | 1 |  1.9
Maces & Flails | 3 6 9 |  9.2
Throwing       | 1 |  1.8

Action                   |  1- 3 |  4- 6 |  7- 9 | 10-12 || total
-------------------------+-------+-------+-------+-------++-------
Melee: Hand axe          |   115 |   110 |    37 |       ||   262
       Tailslap          |    12 |    16 |    51 |    44 ||   123
       Flail             |       |       |   256 |   214 ||   470
Throw: Boomerang         |       |       |       |    31 ||    31
       Dart              |       |       |       |     5 ||     5
Invok: Berserk           |     2 |     4 |     5 |     5 ||    16
       Trog's Hand       |       |     3 |     9 |     9 ||    21
 Abil: Rolling Charge    |       |       |       |     1 ||     1
Evoke: Wand              |       |       |       |     1 ||     1
  Use: Potion            |       |       |     9 |     5 ||    14
       Scroll            |       |       |    12 |     3 ||    15
Armor: Animal skin       |     7 |       |       |       ||     7
       Chain mail        |    57 |    42 |    25 |       ||   124
       Plate armour      |       |       |   133 |   115 ||   248
Dodge: Dodged            |    35 |    21 |    52 |    39 ||   147
Block: Buckler           |     9 |    25 |    91 |       ||   125
       Kite shield       |       |       |   101 |   189 ||   290

Table legend: (Time is in decaauts)
 A = Elapsed time spent in this place.
 B = Non-inter-level travel time spent in this place.
 C = Inter-level travel time spent in this place.
 D = Time resting spent in this place.
 E = Time spent auto-exploring this place.
 F = Levels seen in this place.
 G = Mean time per level.
                   A        B        C        D        E       F      G
               +--------+--------+--------+--------+--------+-----+--------+
         Total |  11763 |  11471 |    292 |      2 |   9361 |  11 | 1069.4 |
       Dungeon |  11457 |  11165 |    292 |      2 |   9136 |  10 | 1145.7 |
       Ossuary |    306 |    306 |      0 |      0 |    225 |   1 |  306.0 |
               +--------+--------+--------+--------+--------+-----+--------+

Top non-repeatable levels by time:
     D:9: 2038 daAuts
     D:1: 1533 daAuts
     D:6: 1355 daAuts
     D:4: 1206 daAuts
     D:8: 1103 daAuts
     D:2: 1092 daAuts
     D:7: 1089 daAuts
     D:3: 1078 daAuts
     D:5: 827 daAuts
 Ossuary: 306 daAuts
    D:10: 131 daAuts
